 Dungeon Crawl Stone Soup version 0.28.0-1-gb440e238dd (webtiles) character file.

Game seed: 1644970467887481458

44167 Ajdolov the Palentonga Cataclysm (level 13, -8/111 HPs)
             Began as a Palentonga Monk on Feb 26, 2022.
             Was a High Priest of Qazlal.
             Mangled by a cane toad (16 damage)
             ... on level 5 of the Lair of Beasts.
             The game lasted 00:38:02 (16886 turns).

Ajdolov the Palentonga Cataclysm (Palentonga Monk) Turns: 16886, Time: 00:38:03

Health: -8/111     AC: 28    Str: 24    XL:     13   Next: 94%
Magic:  17/25      EV:  4    Int: 11    God:    Qazlal [*****.]
Gold:   2253       SH:  6    Dex: 12    Spells: 12/12 levels left

rFire   . . .      SeeInvis +   E - +3 morningstar (protect)
rCold   . . .      Faith    .   (no shield)
rNeg    . . .      Spirit   .   G - +0 chain mail
rPois   .          Reflect  .   U - +1 helmet
rElec   .          Harm     .   (no cloak)
rCorr   +          Rampage  .   T - +0 pair of gloves
Will    +....                   N - +4 barding of Ubruet {rCorr Str+4}
Stlth   ..........              z - amulet of regeneration
HPRegen 1.08/turn               F - ring of willpower
MPRegen 0.19/turn               B - +4 ring of slaying

@: protected from physical damage, repel missiles, curled up
A: large, rugged brown scales 3, see invisible, deformed body, roll 1, armoured
tail, reflexive curl
a: Rolling Charge, Renounce Religion, Upheaval, Elemental Force, Disaster Area


You were on level 5 of the Lair of Beasts.
You worshipped Qazlal.
Qazlal was extremely pleased with you.
You visited 3 branches of the dungeon, and saw 19 of its levels.
You also visited: Bailey and Gauntlet.

You collected 2558 gold pieces.
You spent 305 gold pieces at shops.

Inventory:

Hand Weapons
 E - a +3 morningstar of protection (weapon)
Missiles
 D - 4 throwing nets
Armour
 G - a +0 chain mail (worn)
 N - the +4 barding of Ubruet (worn) {rCorr Str+4}
   (You acquired it in a bailey)

   Str:       It affects your strength (+4).
   rCorr:     It protects you from acid and corrosion.
 T - a +0 pair of gloves (worn)
 U - a +1 helmet (worn)
Jewellery
 l - a ring of poison resistance
 z - an amulet of regeneration (around neck)
 B - a +4 ring of slaying (right hand)
 F - a ring of willpower (left hand)
 J - a ring of flight
 O - a ring of protection from cold
 S - a ring of resist corrosion
Wands
 o - a wand of polymorph (18)
 y - a wand of iceblast (24)
 A - a wand of flame (82)
 M - a wand of charming (4)
 Q - a wand of mindburst (10)
Scrolls
 a - 5 scrolls of identify
 c - 2 scrolls of blinking {unknown}
 d - 3 scrolls of summoning
 e - 5 scrolls of immolation
 h - 3 scrolls of silence
 j - 2 scrolls of amnesia {unknown}
 m - 3 scrolls of fog
 n - 2 scrolls of vulnerability
 p - 4 scrolls of teleportation
 q - a scroll of fear {unknown}
 r - a scroll of enchant armour {unknown}
 u - 3 scrolls of noise
 H - 2 scrolls of enchant weapon {unknown}
 K - a scroll of holy word {unknown}
 P - a scroll of magic mapping
Potions
 b - a potion of resistance {unknown}
 f - 3 potions of mutation {unknown}
 g - 2 potions of degeneration {unknown}
 i - 11 potions of curing
 k - 2 potions of might {unknown}
 s - 2 potions of haste {unknown}
 t - 5 potions of brilliance
 v - 3 potions of invisibility
 w - 4 potions of attraction {unknown}
 x - 6 potions of heal wounds
 C - 3 potions of magic {unknown}
 I - a potion of flight {unknown}
 L - 3 potions of berserk rage
Miscellaneous
 R - a phantom mirror


   Skills:
 + Level 10.7 Fighting
 - Level 16.0 Maces & Flails
 - Level 2.4 Dodging
 - Level 1.2 Stealth
 + Level 17.0 Invocations


You had 12 spell levels left.
You didn't know any spells.
Your spell library contained the following spells:

 Spells                   Type           Power      Damage    Failure   Level
 Animate Skeleton         Necr           0%         N/A       97%         1
 Freeze                   Ice            0%         1d3       97%         1
 Magic Dart               Conj           0%         1d3       97%         1
 Pain                     Necr           0%         1d4       97%         1
 Sandblast                Erth           0%         2d4       97%         1
 Shock                    Conj/Air       0%         1d3       97%         1
 Call Imp                 Summ           0%         N/A       99%         2
 Passwall                 Tmut/Erth      0%         N/A       99%         2
 Static Discharge         Conj/Air       0%         N/A       99%         2
 Frozen Ramparts          Ice            0%         1d2       100%        3
 Gell's Gravitas          Tloc           0%         N/A       100%        3
 Lesser Beckoning         Tloc           0%         N/A       100%        3
 Mephitic Cloud           Conj/Pois/Air  0%         N/A       100%        3
 Stone Arrow              Conj/Erth      0%         3d7       100%        3
 Summon Guardian Golem    Hex/Summ       0%         N/A       100%        3
 Swiftness                Air            0%         N/A       100%        3
 Teleport Other           Tloc           0%         N/A       100%        3
 Vampiric Draining        Necr           0%         2d6       100%        3
 Airstrike                Air            0%         N/A       100%        4
 Hailstorm                Conj/Ice       0%         3d3       100%        4
 Alistair's Intoxication  Tmut/Pois      0%         N/A       100%        5
 Borgnjor's Vile Clutch   Necr/Erth      0%         N/A       100%        5
 Fireball                 Conj/Fire      0%         3d3       100%        5
 Lightning Bolt           Conj/Air       0%         1d11      100%        5
 Eringya's Noxious Bog    Tmut/Pois      0%         N/A       100%        6
 Starburst                Conj/Fire      0%         6d3       100%        6
 Orb of Destruction       Conj           0%         9d5       100%        7
 Spellforged Servitor     Conj/Summ      0%         N/A       100%        7
 Ignition                 Fire           0%         3d3       100%        8
 Maxwell's Capacitive Co  Air            0%         ∞         100%        8


Dungeon Overview and Level Annotations

Branches:
Dungeon (12/15)            Temple (1/1) D:7            Lair (6/6) D:8
  Swamp (0/4) Lair:2       Spider (0/4) Lair:2        Slime (0/5) Lair:5
    Orc (0/2) D:11         Bailey (visited)         Gauntlet (visited)

Altars:
Ashenzari
Cheibriados
Dithmenos
Elyvilon
Fedhas
Gozag
Hepliaklqana
Kikubaaqudgha
Makhleb
Nemelex Xobeh
Okawaru
Qazlal
Ru
Sif Muna
Trog
Uskayaw
Vehumet
Wu Jian
Xom
Yredelemnul
Zin
The Shining One

Shops:
D:1 (!*?

Portals:
Abyss: Lair:1

Annotations:
D:4 2 runed translucent doors, 2 transporters, Eustachio; Nebukadnezar's ghost, amateur HOCA
D:10 3 runed translucent doors, Jatjacob's ghost, journeyman MiBe
D:12 Snorg
Lair:1 2 transporters, robertstho's ghost, journeyman DjFE


Innate Abilities, Weirdness & Mutations

You are completely covered in rugged brown scales. (AC +3, +7% HP)
You have supernaturally acute eyesight. (SInv)
Armour fits poorly on your strangely shaped body.
You can roll at nearby foes to attack.
You have a long armoured tail.
You curl defensively after being hit. (AC +7*)


Message History

Moving in this stuff is going to be slow.
You hear a roar!
A five-headed hydra comes into view.
The cane toad is engulfed in freezing vapours.
The boulder beetle curls into a ball and begins rolling!
The cane toad stings you.
The yak is engulfed in freezing vapours.
There is a stone staircase leading up here.
You block the cane toad's attack. The boulder beetle hits you!!!
* * * LOW HITPOINT WARNING * * *
You feel more protected from physical attacks.
The boulder beetle stops rolling and uncurls.
You climb upwards.
You hear a loud, deep croak!
There is a stone staircase leading down here.
Okay, then.
Activating: Disaster Area (0% risk of failure)
Press: ? - help, Dir - look around, f - activate Nature churns violently around you!
The blast of rubble hits the plant!!
The plant begins to die.
The plant is lightly damaged.
The blast of ice hits the plant!!!
The plant begins to die.
The plant is lightly damaged.
The plant is flash-frozen.
The blast of rubble hits the plant!!!
The plant is heavily damaged.
The blast of magma engulfs the bullfrog!!
You kill the bullfrog!
Qazlal accepts your kill.
The blast of magma engulfs the fungus!!!
The fungus begins to die.
The fungus is moderately damaged.
The cutting wind hits the fungus!!!
The fungus is heavily damaged.
The blast of ice hits the plant!!
The plant is heavily damaged.
The plant is flash-frozen.
You block the cane toad's attack. The boulder beetle bites you!!
* * * LOW HITPOINT WARNING * * *
The cane toad stings you!
You die...

##§#####
##P§§...§
#≈§.§...§
#.....≈.## ..
+...≈...≈### ..
#..≈.○.....####
..
...≈.≈..F☼....§
#.
#.≈.≈.B@..P.§.§
##. ..
.#.≈≈.○°####.#.
.. #.#
#.#.≈≈°##
.##.## #.#.≈.
<....# ##≈##P
.....### ≈≈≈ ..
.....#.# #.≈ ..
......# ## ...
†.....##


You could see a boulder beetle and a cane toad.

Vanquished Creatures
  Gastronok (Lair:1)
  A minotaur (Gauntlet)
  6 hydras
  Harold (D:7)
  2 boulder beetles (Lair:4)
  3 catoblepae
  A centaur warrior (D:11)
  Erica (D:9)
  A two-headed ogre (D:11)
  2 death yaks (Lair:5)
  A thrashing horror (Gauntlet)
  Nergalle (Lair:3)
  A fire crab (Lair:4)
  An orc knight (Bailey)
  A deep elf pyromancer (D:12)
  An oklob plant (Lair:3)
  A moth of wrath (Gauntlet)
  A manticore (D:9)
  Joseph (Lair:1)
  7 elephants
  4 black mambas
  A torpor snail (Lair:1)
  A gargoyle (D:10)
  12 cane toads
  Maggie (Lair:1)
  3 rime drakes
  4 komodo dragons
  A hornet (D:8)
  6 trolls
  A polar bear (Lair:6)
  2 slime creatures (Lair:5)
  3 large abominations (Gauntlet)
  A meliai zombie (D:10)
  A shadow (D:9)
  2 wraiths
  6 wyverns
  A spriggan (Lair:1)
  2 vampires
  2 basilisks (D:8)
  35 yaks
  6 small abominations (Gauntlet)
  7 vampire mosquitoes
  A steam dragon (D:9)
  2 acid dragons (D:10)
  16 water moccasins
  17 orc warriors
  3 black bears
  A necrophage (D:4)
  3 wolves (Gauntlet)
  4 centaurs
  A kobold brigand (D:6)
  11 bullfrogs
  A wyvern zombie (D:7)
  5 scorpions
  A water moccasin skeleton (D:3)
  5 killer bees (D:7)
  4 wights (D:7)
  7 centaur zombies
  A hound (D:5)
  3 jellies
  7 orc priests
  A bullfrog skeleton (D:6)
  3 iguanas
  6 orc wizards
  A howler monkey zombie (D:8)
  6 gnolls
  7 adders
  A howler monkey skeleton (D:7)
  2 white imps
  2 worms
  2 dart slugs
  49 orcs
  13 ball pythons
  9 endoplasms
  7 giant cockroaches
  13 goblins
  9 hobgoblins
  16 kobolds
  A quokka (D:2)
  4 bats
  3 frilled lizards
  11 rats
396 creatures vanquished.

Vanquished Creatures (others)
  A demonic plant (Gauntlet)
  21 fungi
  16 plants
38 creatures vanquished.

Grand Total: 434 creatures vanquished

Notes
Turn   | Place    | Note
-------+----------+-------------------------------------------
     0 | D:1      | Ajdolov the Palentonga Monk began the quest for the Orb.
     0 | D:1      | Reached XP level 1. HP: 19/19 MP: 1/1
   170 | D:1      | Found Mibenatt's Distillery.
   228 | D:1      | Found Xebb's Assorted Antiques.
   238 | D:1      | Reached XP level 2. HP: 16/25 MP: 2/2
   403 | D:1      | Found Xavvuiz's Magic Scroll Shoppe.
   682 | D:1      | Found Duenirux's Weapon Shoppe.
  1195 | D:2      | Reached XP level 3. HP: 29/31 MP: 3/3
  2096 | D:3      | Reached XP level 4. HP: 29/37 MP: 4/4
  2227 | D:3      | Reached skill level 5 in Maces & Flails
  2382 | D:3      | Noticed an ogre
  2911 | D:3      | Reached XP level 5. HP: 25/43 MP: 5/5
  3337 | D:4      | Found a runed translucent door.
  3368 | D:4      | Found a runed translucent door.
  3368 | D:4      | Noticed Nebukadnezar's ghost (amateur HOCA)
  3386 | D:4      | Noticed a water moccasin
  3870 | D:4      | Noticed a necrophage
  3916 | D:4      | Found an opulent altar of Gozag.
  3921 | D:4      | Killed a necrophage
  3922 | D:4      | Reached XP level 6. HP: 50/50 MP: 6/6
  3956 | D:4      | Killed a water moccasin
  4255 | D:4      | Found a transporter.
  4278 | D:4      | Found a shimmering altar of Xom.
  4345 | D:4      | Found a transporter.
  4365 | D:4      | Noticed Eustachio
  4723 | D:5      | Entered Level 5 of the Dungeon
  4911 | D:5      | Gained mutation: You curl defensively after being hit. (AC
                  | +7*) [Palentonga growth]
  4911 | D:5      | Reached XP level 7. HP: 35/55 MP: 7/7
  5115 | D:5      | Found a white marble altar of Elyvilon.
  5180 | D:5      | Found a hide-covered altar of Uskayaw.
  5253 | D:5      | Identified the +2 leather armour of Blue Skies {Harm Str+3}
  5765 | D:1      | Bought a +3 morningstar of protection for 305 gold pieces
  5860 | D:6      | You fall into a shaft and drop 2 floors!
  5860 | D:8      | Found a burning altar of Makhleb.
  5897 | D:6      | Identified the +5 spear of Reinforcement {holy, rC+}
  6352 | D:7      | Reached XP level 8. HP: 52/64 MP: 8/8
  6486 | D:7      | Identified the +1 robe of True Grit {rC- Int+4 Dex+10}
  6521 | D:7      | Reached skill level 10 in Maces & Flails
  6760 | D:7      | Noticed Harold
  6761 | D:7      | Reached skill level 5 in Fighting
  7209 | D:8      | Found a staircase to the Lair.
  7213 | D:8      | Reached XP level 9. HP: 66/73 MP: 9/9
  7330 | D:7      | Killed Harold
  7331 | D:7      | Reached XP level 10. HP: 62/84 MP: 10/10
  7439 | D:7      | Found a staircase to the Ecumenical Temple.
  7445 | Temple   | Entered the Ecumenical Temple
  7486 | Temple   | Became a worshipper of Qazlal Stormbringer
  7486 | Temple   | Reached * piety under Qazlal
  7486 | Temple   | Reached ** piety under Qazlal
  7744 | D:8      | Reached skill level 1 in Invocations
  7751 | D:8      | Reached skill level 2 in Invocations
  7787 | D:8      | Reached skill level 3 in Invocations
  7890 | D:8      | Reached skill level 4 in Invocations
  7954 | D:8      | Found a glowing silver altar of Zin.
  8250 | D:9      | Reached skill level 5 in Invocations
  8295 | D:9      | Reached skill level 6 in Invocations
  8381 | D:9      | Reached skill level 7 in Invocations
  8426 | D:9      | Noticed Erica
  8434 | D:9      | Killed Erica
  8435 | D:9      | Reached skill level 8 in Invocations
  8618 | D:9      | Noticed a manticore
  8624 | D:9      | Killed a manticore
  8625 | D:9      | Reached skill level 9 in Invocations
  8976 | D:10     | Entered Level 10 of the Dungeon
  9004 | D:10     | Reached XP level 11. HP: 81/89 MP: 18/18
  9011 | D:10     | Reached skill level 10 in Invocations
  9013 | D:10     | Reached *** piety under Qazlal
  9122 | D:10     | Found a flagged portal.
  9143 | Bailey   | Entered a bailey
  9149 | Bailey   | Identified 3 scrolls of acquirement
  9153 | Bailey   | Acquired the +4 barding of Ubruet {rCorr Str+4}
  9160 | Bailey   | Acquired 812 gold pieces
  9162 | Bailey   | Acquired the +3 Mad Mage's Maulers {Infuse+∞ RegenMP Int-3}
  9162 | Bailey   | Found the +3 Mad Mage's Maulers {Infuse+∞ RegenMP Int-3}
  9403 | Bailey   | Reached skill level 11 in Invocations
  9629 | Bailey   | Noticed an orc knight
  9687 | Bailey   | Killed an orc knight
  9790 | Bailey   | Acquired 666 gold pieces
 10087 | D:10     | Found a runed translucent gate.
 10087 | D:10     | Found a runed translucent gate.
 10087 | D:10     | Found a runed translucent gate.
 10087 | D:10     | Noticed Jatjacob's ghost (journeyman MiBe)
 10089 | D:10     | Found a basalt altar of Yredelemnul.
 10099 | D:10     | Reached skill level 12 in Invocations
 10482 | D:10     | Found a faded altar of an unknown god.
 10482 | D:10     | Found a hazy altar of Hepliaklqana.
 10484 | D:10     | Found a faded altar of an unknown god.
 10907 | D:11     | Found a staircase to the Orcish Mines.
 10909 | D:11     | Reached **** piety under Qazlal
 11288 | D:11     | Identified the +6 trident of Foolhardiness {drain, Fly
                  | rPois rF- Str-4}
 11288 | D:11     | Noticed a five-headed hydra
 11306 | D:11     | Killed a five-headed hydra
 11366 | D:11     | Noticed a four-headed hydra
 11391 | D:11     | Reached skill level 13 in Invocations
 11399 | D:11     | Killed a four-headed hydra
 11714 | D:11     | Noticed a two-headed ogre
 11717 | D:11     | Killed a two-headed ogre
 11921 | D:12     | Noticed a four-headed hydra
 11924 | D:12     | Noticed a centaur warrior
 11926 | D:12     | Noticed Snorg
 11928 | D:12     | Killed a four-headed hydra
 11939 | D:11     | Killed a centaur warrior
 12039 | D:12     | Noticed a deep elf pyromancer
 12040 | D:12     | Killed a deep elf pyromancer
 12041 | D:12     | Reached XP level 12. HP: 97/97 MP: 0/22
 12056 | D:12     | Noticed a four-headed hydra
 12195 | D:12     | Reached skill level 14 in Invocations
 12453 | Lair:1   | Entered Level 1 of the Lair of Beasts
 12458 | Lair:1   | Noticed Maggie
 12465 | Lair:1   | Killed Maggie
 12558 | Lair:1   | Found a gate leading to a gauntlet.
 12583 | Gauntlet | Entered a Gauntlet
 12583 | Gauntlet | Found a transporter.
 12583 | Gauntlet | Found a transporter.
 12585 | Gauntlet | Found a transporter.
 12585 | Gauntlet | Found a transporter.
 12588 | Gauntlet | Found a transporter.
 12615 | Gauntlet | Found a transporter.
 12618 | Gauntlet | Found a transporter.
 12660 | Gauntlet | Found a transporter.
 12663 | Gauntlet | Found a transporter.
 12663 | Gauntlet | Found a transporter.
 12667 | Gauntlet | Found a runed translucent door.
 12676 | Gauntlet | Found a runed translucent door.
 12678 | Gauntlet | Found a transporter.
 12691 | Gauntlet | Found a runed translucent door.
 12695 | Gauntlet | Found a transporter.
 12704 | Gauntlet | Found a transporter.
 12708 | Gauntlet | Found a transporter.
 13071 | Gauntlet | Noticed a minotaur
 13082 | Gauntlet | Killed a minotaur
 13103 | Gauntlet | Identified the +1 pair of gloves of Hospitality {Will+
                  | Regen+ Str-4}
 13223 | Lair:1   | Noticed a seven-headed hydra
 13225 | Lair:1   | Killed a seven-headed hydra
 13261 | Lair:1   | Noticed Joseph
 13273 | Lair:1   | Killed Joseph
 13493 | Lair:1   | Noticed Gastronok
 13502 | Lair:1   | Killed Gastronok
 13503 | Lair:1   | Reached skill level 15 in Maces & Flails
 13581 | Lair:1   | Found a transporter.
 13584 | Lair:1   | Noticed a rakshasa
 13585 | Lair:1   | Found a transporter.
 13817 | Lair:1   | Found a one-way gate to the infinite horrors of the Abyss.
 13817 | Lair:1   | Noticed robertstho's ghost (journeyman DjFE)
 13817 | Lair:1   | Found the +3 pair of seven-league boots {Rampage+∞}
 14364 | Lair:2   | Reached skill level 15 in Invocations
 14417 | Lair:2   | Found a hole to the Spider Nest.
 14424 | Lair:2   | Noticed an eight-headed hydra
 14486 | Lair:2   | Killed an eight-headed hydra
 14585 | Lair:2   | Reached ***** piety under Qazlal
 14661 | Lair:2   | Reached XP level 13. HP: 103/103 MP: 1/24
 15078 | Lair:2   | Found a staircase to the Swamp.
 15553 | Lair:3   | Noticed Nergalle
 15568 | Lair:3   | Killed Nergalle
 16121 | Lair:4   | Reached skill level 16 in Invocations
 16369 | Lair:4   | Reached skill level 10 in Fighting
 16769 | Lair:5   | Reached skill level 17 in Invocations
 16811 | Lair:5   | Found a staircase to the Slime Pits.
 16859 | Lair:5   | You fall into a shaft and drop 1 floor!
 16859 | Lair:6   | Entered Level 6 of the Lair of Beasts
 16886 | Lair:5   | Mangled by a cane toad

Illustrated notes

Levels and vault maps discovered:
D:1:      psy_arrival_spokes, layout_basic, serial_shops, shop_coins, shop,
          nicolae_diamond_shop, shop
D:2:      layout_loops_cross
D:3:      layout_loops_corners
D:4:      gammafunk_wand_slinger, layout_cave_pools,
          mainiacjoe_overflow_catwalk, old_standard_altar,
          ebering_ghost_sewer_f, minmay_goblin_kobold_house, uniq_eustachio
D:5:      layout_cave_pools, nicolae_overflow_crystal_walls,
          mainiacjoe_overflow_cross_hatched
D:6:      layout_cave_pools
D:7:      layout_loops_ring, minmay_temple_entry_fiery,
          hangedman_decor_riveting, uniq_harold
D:8:      hellmonk_destroyed_diamonds, layout_basic, lemuel_crystal_altar,
          zin_academy, minmay_lair_entry_grove
D:9:      layout_loops_ring, uniq_erica
D:10:     layout_layer_cave, nicolae_yredelemnul_ghost_church,
          nicolae_hepliaklqana_ecumenical_no_more, enter_bailey_5,
          grunt_decor_clamped
D:11:     minmay_inner_zag, layout_loops_cross, david_orc_2
D:12:     layout_rooms, kennysheep_another_room, uniq_snorg
Temple:   eino_temple_lava
Lair:1:   layout_gridlike, gammafunk_ghost_abyssal_escape,
          gauntlet_entry_generic, chequers_serial_rivers_micro_b,
          nicolae_quartered_pool_super, wad_woods_03, uniq_joseph,
          uniq_gastronok, uniq_maggie
Lair:2:   layout_long_grid, minmay_swamp_entry_swarm,
          nicolae_spider_entry_non_spiders, minivault_11, st_stairs_5,
          grunt_megastairs_4
Lair:3:   layout_misc_corridors, serial_rivers, chequers_serial_rivers_large_b,
          chequers_serial_rivers_micro_c, chequers_serial_rivers_micro_e,
          chequers_serial_rivers_micro_c, chequers_serial_rivers_micro_c,
          lemuel_fruit_tree, uniq_nergalle
Lair:4:   layout_big_grid, grunt_megastairs_1
Lair:5:   layout_roguey, minmay_slime_entry_pillars, beast_lair_carwin_5
Lair:6:   hangedman_lair_caniforms_friends, layout_loops_ring, wormcave,
          lemuel_centaur_altar, infiniplex_staircase_pool

Skill      XL: |  1  2  3  4  5  6  7  8  9 10 11 12 13 |
---------------+----------------------------------------+-----
Maces & Flails | 4 5 6 8 9 11 12 13 15 16 | 16.0
Fighting       | 5 7 10 | 10.7
Invocations    | 9 13 15 17 | 17.0
Dodging        | |  2.4
Stealth        | |  1.2

Action                   |  1- 3 |  4- 6 |  7- 9 | 10-12 | 13-15 || total
-------------------------+-------+-------+-------+-------+-------++-------
Melee: Mace              |   121 |       |       |       |       ||   121
       Tailslap          |    15 |    21 |    28 |    79 |    65 ||   208
       Punch             |     1 |       |     2 |    14 |     8 ||    25
       Quarterstaff      |     6 |   191 |    51 |       |       ||   248
       Morningstar       |       |       |   191 |   500 |   257 ||   948
Invok: Upheaval          |       |       |       |     2 |     2 ||     4
       Disaster Area     |       |       |       |       |     1 ||     1
 Abil: Rolling Charge    |     1 |     4 |     4 |    30 |    20 ||    59
  Use: Potion            |       |     2 |     1 |       |       ||     3
       Scroll            |       |       |       |    17 |     1 ||    18
 Stab: Sleeping          |     1 |       |       |       |       ||     1
       Petrified         |       |       |       |       |     6 ||     6
Armor: Robe              |    43 |     1 |       |       |       ||    44
       Ring mail         |       |   101 |    55 |       |       ||   156
       Chain mail        |       |       |    80 |   380 |   159 ||   619
       Skin              |       |       |     2 |       |       ||     2
Dodge: Dodged            |    68 |   127 |    82 |   117 |    37 ||   431
       Repelled          |       |       |     1 |     4 |     1 ||     6
Block: Other             |       |       |       |    91 |    54 ||   145
